 Dungeon Crawl Stone Soup version 0.30.1-11-g7821555f0a (webtiles) character file.

Game seed: 12708719022054266116

5848 Gumption the Grappler (level 10, -6/96 (100) HPs)
             Began as a Troll Gladiator on Dec 13, 2023.
             Was a Believer of Uskayaw.
             Mangled by a Hell Sentinel (27 damage)
             ... summoned by a dread lich
             ... on level 2 of the Abyss.
             The game lasted 00:37:12 (8541 turns).

Gumption the Grappler (Troll Gladiator)             Turns: 8541, Time: 00:37:13

HP:   -6/96 (100)   AC:  5    Str: 26    XL:     10   Next: 51%
MP:   0/13          EV: 17    Int:  4    God:    Uskayaw [**....]
Gold: 428           SH:  0    Dex: 13    Spells: 9/9 levels left

rFire   . .          .
                       - Unarmed
rCold   . . .        l - orb {mayhem}
rNeg    . . .        u - +0 robe
rPois   +            b - +0 hat
rElec   .            y - +0 cloak
rCorr   .            (gloves unavailable)
SInv    .            (boots unavailable)
Will    .....        g - amulet of guardian spirit
Stlth   +            a - +5 ring of evasion
HPRegen 1.16/turn    r - ring of poison resistance
MPRegen 0.13/turn

%: mayhem, guardian spirit
@: lightly drained
A: large, unfitting armour, claws 3, regeneration 1, shaggy fur 1, tough skin 1
a: Renounce Religion, Stomp, Line Pass


You were on level 2 of the Abyss.
You worshipped Uskayaw.
Uskayaw was noncommittal.
You visited 2 branches of the dungeon, and saw 11 of its levels.
You visited the Abyss 1 time.
You also visited: Sewer.

You collected 568 gold pieces.
You spent 140 gold pieces at shops.

Inventory:

Missiles
 c - a throwing net
 d - 13 large rocks (quivered)
 e - a boomerang
 q - 26 poisoned darts
Armour
 b - a +0 hat (worn)
 l - an orb of mayhem (worn)
 u - a +0 robe (worn)
 y - a +0 cloak (worn)
Jewellery
 a - a +5 ring of evasion (left claw)
 g - an amulet of guardian spirit (around neck)
 k - a ring of magical power
 p - a +5 ring of evasion
 r - a ring of poison resistance (right claw)
Wands
 I - a wand of acid (11)
 M - a wand of polymorph (8)
Scrolls
 h - 2 scrolls of enchant weapon
 j - a scroll of poison {unknown}
 m - 2 scrolls of enchant armour
 n - 3 scrolls of blinking
 t - 3 scrolls of teleportation
 B - a scroll of butterflies {unknown}
 C - a scroll of fear {unknown}
 D - a scroll of magic mapping {unknown}
 E - a scroll of fog
 H - a scroll of identify
 J - a scroll of immolation {unknown}
 L - a scroll of torment {unknown}
Potions
 f - 2 potions of attraction
 i - 3 potions of heal wounds
 o - 2 potions of ambrosia
 s - 2 potions of cancellation
 v - 7 potions of curing
 w - 3 potions of might
 x - 3 potions of brilliance
 z - a potion of berserk rage
 A - 3 potions of haste
 F - 2 potions of invisibility
 G - a potion of lignification {unknown}
 K - a potion of resistance {unknown}


   Skills:
 + Level 6.5 Fighting
 - Level 1.7 Throwing
 + Level 6.7 Dodging
 + Level 9.8 Unarmed Combat
 * Level 6.6 Invocations


You had 9 spell levels left.
You didn't know any spells.
Your spell library contained the following spells:

 Spells                   Type           Power      Damage    Failure   Level
 Dazzling Flash           Conj/Hex       0%         N/A       86%         3
 Gell's Gravitas          Tloc           0%         N/A       86%         3
 Teleport Other           Tloc           0%         N/A       86%         3
 Agony                    Necr           0%         N/A       100%        5
 Silence                  Hex/Air        0%         N/A       100%        5
 Dispersal                Tloc           0%         N/A       100%        6


Dungeon Overview and Level Annotations

Branches:
Dungeon (10/15)            Temple (1/1) D:5            Lair (0/5) D:9
  Sewer (visited)
    Orc: D:9-12

Altars:
Ashenzari
Cheibriados
Dithmenos
Elyvilon
Fedhas
Gozag
Hepliaklqana
Kikubaaqudgha
Makhleb
Nemelex Xobeh
Okawaru
Qazlal
Ru
Sif Muna
Trog
Uskayaw
Vehumet
Wu Jian
Xom
Yredelemnul
Zin
The Shining One

Shops:
D:3 !

Annotations:
D:8 3 runed translucent doors, raetorn's ghost, novice DsAE; rasy's ghost, novice MiFi; vvlvvlvvl's ghost, novice DsVM
D:10 Erolcha


Innate Abilities, Weirdness & Mutations

You are too large for most types of armour.
You have claws for hands.
Your natural rate of healing is unusually fast.
You are covered in fur. (AC +1)
You have tough skin. (AC +1)


Message History

The dread lich closely misses you.
You closely miss the dread lich.
The dread lich is lightly damaged.
The dread lich touches you!
You mangle the dread lich!!
The dread lich is moderately damaged.
The dread lich touches you but does no damage.
You barely miss the dread lich.
The dread lich is lightly damaged.
The dread lich touches you!
You closely miss the dread lich.
The dread lich is lightly damaged.
You closely miss the dread lich.
The dread lich is lightly damaged.
The dread lich touches you!
You feel drained.
You mangle the dread lich!!
The dread lich is moderately damaged.
The dread lich mumbles some strange words.
You can now pass through a line of other dancers.
You closely miss the dread lich.
The dread lich is moderately damaged.
The dread lich closely misses you.
You scratch the dread lich but do no damage.
The dread lich is moderately damaged.
The dread lich casts a spell.
You scratch the dread lich.
The dread lich is moderately damaged.
The Hell Sentinel hits you.
The Hell Sentinel hits you but does no damage.
The dread lich casts a spell.
You scratch the dread lich but do no damage.
The dread lich is moderately damaged.
The Hell Sentinel hits you!! x2
* * * LOW HITPOINT WARNING * * *
You scratch the dread lich.
The dread lich is moderately damaged.
The dread lich touches you.
* * * LOW HITPOINT WARNING * * *
You feel drained. The Hell Sentinel hits you!!
You die...

...#..#.##.
..# #.
#..#.##.##.
. . # .#
#... # #..
####.#.##
.# #
.......##.#
#### #
.......#
####..##.#
#....12..#
#
..##.@L#.#
. # #.1...#
. #...#.#
#.....#
......
###..#..
#..###.
#... #.


You could see a Hell Sentinel (summoned), a dread lich, a Brimstone Fiend
(summoned) and a blizzard demon (summoned).

Vanquished Creatures
  Pikel (D:4)
  A cyclops (D:8)
  A gargoyle (D:7)
  An unseen horror (D:8)
  Grinder (D:4)
  A wyvern (D:8)
  5 yaks (D:9)
  Eustachio (D:6)
  An orc warrior (D:6)
  Pargi (D:3)
  2 ice beasts (D:8)
  3 ogres (D:5)
  4 centaurs
  A phantom (D:4)
  3 kobold brigands
  3 bullfrogs
  2 scorpions
  3 wights (D:7)
  8 killer bees
  3 howler monkeys
  3 jellies
  Crazy Yiuf (D:4)
  4 orc priests
  3 hounds
  A gnoll bouda (D:7)
  2 sleepcaps
  Jessica (D:3)
  2 iguanas
  5 orc wizards
  4 gnolls (D:7)
  11 adders
  5 river rats
  2 shadow imps
  An ufetubus (D:5)
  A worm (D:6)
  A dart slug (D:3)
  15 orcs
  3 endoplasms
  3 giant cockroaches
  14 goblins
  6 hobgoblins
  4 jackals
  21 kobolds
  3 quokkas
  10 ball pythons
  3 bats
  4 frilled lizards
  6 rats
185 creatures vanquished.

Vanquished Creatures (collateral kills)
  2 wights (D:7)
  A sleepcap (D:4)
  3 orcs
  A ball python (D:4)
  2 jackals (Sewer)
  3 kobolds
12 creatures vanquished.

Vanquished Creatures (others)
  An orc (D:3)
1 creature vanquished.

Grand Total: 198 creatures vanquished

Notes
Turn   | Place    | Note
-------+----------+-------------------------------------------
     0 | D:1      | Gumption the Troll Gladiator began the quest for the Orb.
     0 | D:1      | Reached XP level 1. HP: 19/19 MP: 0/0
   356 | D:1      | Reached XP level 2. HP: 27/28 MP: 1/1
   767 | D:2      | Reached XP level 3. HP: 32/35 MP: 2/2
  1367 | D:3      | Noticed Pargi
  1382 | D:3      | Killed Pargi
  1383 | D:3      | Reached skill level 4 in Unarmed Combat
  1383 | D:3      | Reached XP level 4. HP: 22/44 MP: 0/3
  1383 | D:3      | Reached XP level 5. HP: 25/50 MP: 0/4
  1661 | D:3      | Reached skill level 5 in Unarmed Combat
  1802 | D:3      | Reached XP level 6. HP: 59/59 MP: 5/5
  1843 | D:3      | Noticed Jessica
  1848 | D:3      | Killed Jessica
  1974 | D:3      | Found Waism's Distillery.
  1977 | D:3      | Bought a potion of curing for 30 gold pieces
  1977 | D:3      | Bought a potion of might for 40 gold pieces
  1977 | D:3      | Bought a potion of brilliance for 40 gold pieces
  1977 | D:3      | Bought a potion of attraction for 30 gold pieces
  2010 | D:4      | Noticed Grinder
  2028 | D:4      | Killed Grinder
  2029 | D:4      | Reached skill level 6 in Unarmed Combat
  2029 | D:4      | Reached XP level 7. HP: 47/67 MP: 6/6
  2218 | D:4      | Noticed Pikel
  2231 | D:4      | Killed Pikel
  2232 | D:4      | Reached skill level 7 in Unarmed Combat
  2232 | D:4      | Reached XP level 8. HP: 37/78 MP: 3/7
  2551 | D:4      | Found a runed translucent door.
  2552 | D:4      | Noticed Crazy Yiuf
  2713 | D:4      | Killed Crazy Yiuf
  2760 | D:5      | Entered Level 5 of the Dungeon
  2816 | D:5      | Reached skill level 5 in Dodging
  2816 | D:5      | Reached skill level 8 in Unarmed Combat
  3059 | D:5      | Found a staircase to the Ecumenical Temple.
  3107 | Temple   | Entered the Ecumenical Temple
  3220 | Temple   | Became a worshipper of Uskayaw the Reveller
  3334 | D:5      | Reached * piety under Uskayaw
  3342 | D:5      | Reached ** piety under Uskayaw
  3364 | D:5      | Reached skill level 1 in Invocations
  4061 | D:6      | Reached *** piety under Uskayaw
  4068 | D:6      | Found a glowing drain.
  4078 | Sewer    | Entered a sewer
  4383 | Sewer    | Reached skill level 5 in Fighting
  4799 | D:6      | Identified the +3 quarterstaff of the Imbibing Gods {venom,
                  | Fragile rN+ Str+4 Int+3}
  4810 | D:6      | Reached XP level 9. HP: 88/88 MP: 9/9
  4943 | D:6      | Reached **** piety under Uskayaw
  4947 | D:6      | Noticed Eustachio
  4971 | D:6      | Killed Eustachio
  5481 | D:7      | Noticed a gargoyle
  5490 | D:7      | Killed a gargoyle
  5641 | D:7      | Reached skill level 9 in Unarmed Combat
  5942 | D:7      | You fall into a shaft and drop 3 floors!
  5942 | D:10     | Entered Level 10 of the Dungeon
  5951 | D:9      | Found a staircase to the Lair.
  6248 | D:7      | Reached skill level 5 in Invocations
  6456 | D:7      | Reached XP level 10. HP: 38/98 MP: 6/12
  6625 | D:7      | Found a hazy altar of Hepliaklqana.
  6790 | D:8      | Found a runed translucent gate.
  6791 | D:8      | Found a runed translucent gate.
  6835 | D:8      | Noticed a cyclops
  6856 | D:8      | Killed a cyclops
  7065 | D:8      | Found a runed translucent gate.
  7066 | D:8      | Noticed raetorn's ghost (novice DsAE)
  7066 | D:8      | Noticed rasy's ghost (novice MiFi)
  7067 | D:8      | Noticed vvlvvlvvl's ghost (novice DsVM)
  8014 | D:9      | Reached ***** piety under Uskayaw
  8271 | D:9      | Found an ancient bone altar of Kikubaaqudgha.
  8500 | D:10     | Noticed Erolcha
  8501 | Abyss:2  | Cast into level 2 of the Abyss (Erolcha)
  8518 | Abyss:2  | Noticed an apocalypse crab
  8522 | Abyss:2  | Noticed a dread lich
  8526 | Abyss:2  | Paralysed by a dread lich for 3 turns
  8537 | Abyss:2  | Noticed a Hell Sentinel
  8539 | Abyss:2  | Noticed a blizzard demon
  8540 | Abyss:2  | Noticed a Brimstone Fiend
  8541 | Abyss:2  | Mangled by a Hell Sentinel

Illustrated notes

Levels and vault maps discovered:
D:1:      dpeg_arrival_stonehenge_12_columns, layout_loops_ring,
          grunt_decor_mini_mirrors, st_stairs_8,
          amcnicky_mini_rare_corridor_liquid
D:2:      layout_basic
D:3:      layout_rooms, serial_shops, nicolae_shop_behind_doors, uniq_jessica,
          uniq_pargi
D:4:      layout_rooms, minmay_goblin_outpost, uniq_grinder, uniq_pikel,
          uniq_crazy_yiuf_cottage
D:5:      layout_layer_cave, minmay_temple_entry_drinking_statues,
          uniq_blork_the_orc
D:6:      layout_loops_ring, portal_sewer_entry_e, uniq_eustachio
D:7:      layout_loops_corners, nicolae_hepliaklqana_hippocampus
D:8:      layout_gridville, gammafunk_ghost_cemetery, grunt_decor_cap,
          nicolae_figureground_pulse
D:9:      layout_basic, lemuel_round_altar, lair_entry_dummy
D:10:     cheibrodos_shockbox, layout_cave_pools, serial_demonic,
          serial_demonic_f, serial_demonic_a, serial_demonic_c,
          serial_demonic_c, uniq_erolcha
Temple:   nicolae_temple_slightly_damp_pantheon
Abyss:2:  base:
D:6

Skill      XL: |  1  2  3  4  5  6  7  8  9 10 |
---------------+-------------------------------+-----
Fighting       | 2 3 4 5 6 |  6.5
Dodging        | 3 4 5 6 |  6.7
Unarmed Combat | 4 5 6 7 8 9 |  9.8
Invocations    | 2 5 6 |  6.6
Throwing       | |  1.7

Action                     |  1- 3 |  4- 6 |  7- 9 | 10-12 || total
---------------------------+-------+-------+-------+-------++-------
  Melee: Unarmed           |    81 |    76 |   331 |    93 ||   581
  Throw: Boomerang         |    22 |       |       |       ||    22
         Throwing net      |       |     4 |     1 |       ||     5
         Large rock        |       |     3 |       |       ||     3
         Dart              |       |       |    14 |       ||    14
    Use: Scroll            |       |     5 |     6 |       ||    11
         Potion            |       |       |     3 |     1 ||     4
   Stab: Paralysed         |       |       |     2 |     3 ||     5
         Distracted        |       |       |     1 |       ||     1
 Armour: Robe              |    40 |    20 |    59 |    14 ||   133
  Dodge: Dodged            |    44 |    37 |   280 |    76 ||   437
